 Dungeon Crawl Stone Soup version 0.18-a0-796-g4b90cf5 (webtiles) character file.

407487 moomoo the Sensei (level 22, -1/175 HPs)
             Began as a Demonspawn Monk on Dec 14, 2015.
             Was the Champion of Cheibriados.
             Slain by an ettin
             ... wielding a +4 dire flail
              (32 damage)
             ... on level 5 of the Vaults.
             The game lasted 02:49:21 (40270 turns).

moomoo the Sensei (Demonspawn Monk)                Turns: 40270, Time: 02:49:21

Health: -1/175     AC: 18    Str: 30    XL:     22   Next: 40%
Magic:  0/31       EV: 33    Int: 32    God:    Cheibriados [******]
Gold:   1596       SH:  0    Dex: 29    Spells: 5 memorised, 17 levels left

rFire  + + +     SeeInvis +       - Unarmed
rCold  + + .     Clarity  .     M - +2 robe {rC+ rF+}
rNeg   + . .     SustAt   .     (no shield)
rPois  +         Gourm    .     z - +2 hat
rElec  .         Spirit   +     p - +1 cloak "Ytyc" {rF+ Int-4 SInv Stlth+}
rCorr  .         Dismiss  .     (gloves unavailable)
rMut   .         Stasis   .     K - +2 pair of boots {Fly}
MR     +....                    V - amulet of regeneration
Stlth  +++++++...               B - ring "Luerchy" {rPois rN+}
                                R - ring "Qearinu" {rF+ Str+3}

@: slowed, drained, very slow, somewhat resistant to hostile enchantments,
extremely stealthy
A: claws 3, horns 1, rough black scales 2, cold resistance 1, mutation
resistance 1, powered by pain 3, magic shield, magic regeneration, magic link,
freezing cloud immunity
a: Bend Time, Temporal Distortion, Slouch, Step From Time, Renounce Religion,
Evoke Flight
}: 2/15 runes: barnacled, gossamer


You were on level 5 of the Vaults.
You worshipped Cheibriados.
Cheibriados was exalted by your worship.
You were not hungry.

You visited 7 branches of the dungeon, and saw 39 of its levels.
You also visited: Labyrinth and Sewer.

You collected 4520 gold pieces.
You spent 2924 gold pieces at shops.

Inventory:

Hand Weapons
 b - a +3 blowgun
 w - a +3 scimitar of flaming
Missiles
 l - 18 curare-tipped needles
 r - 32 poisoned needles
 Z - 4 steel javelins (quivered)
Armour
 m - the +4 skin of Zhor {rC+++}
   (You bought it in a shop on level 2 of the Orcish Mines)

   It renders you almost immune to cold.
 p - the +1 cloak "Ytyc" (worn) {rF+ Int-4 SInv Stlth+}
   (You bought it in a shop on level 2 of the Orcish Mines)

   It affects your intelligence (-4).
   It protects you from fire.
   It lets you see invisible.
   It makes you more stealthy.
 z - a +2 hat (worn)
 K - a +2 pair of boots of flying (worn)
 M - a +2 robe of resistance (worn)
Jewellery
 s - an uncursed ring of protection from magic
 B - the ring "Luerchy" (right claw) {rPois rN+}
   (You bought it in a shop on level 3 of the Vaults)

   [ring of poison resistance]

   It protects you from poison.
   It protects you from negative energy.
 F - an uncursed ring of poison resistance
 I - a +3 ring of strength {unknown}
 R - the ring "Qearinu" (left claw) {rF+ Str+3}
   (You found it on level 7 of the Lair of Beasts)

   [ring of protection from fire]

   It affects your strength (+3).
   It protects you from fire.
 V - an amulet of regeneration (around neck)
Wands
 f - a wand of slowing (28)
 t - a wand of draining (3)
 y - a wand of polymorph (6)
 C - a wand of digging (0)
 G - a wand of fire (10)
 H - a wand of teleportation (6)
 S - a wand of cold (5)
 X - a wand of enslavement (5)
Scrolls
 a - 13 scrolls of identify
 d - 6 scrolls of teleportation
 e - 4 scrolls of fear
 g - a scroll of brand weapon
 h - 8 scrolls of recharging
 j - 14 scrolls of remove curse
 k - 8 scrolls of amnesia
 E - 6 scrolls of blinking
 J - 4 scrolls of fog
 N - a scroll of silence
 O - 2 scrolls of magic mapping
 P - 2 scrolls of enchant armour
Potions
 c - 11 potions of curing
 i - 3 potions of heal wounds
 n - a potion of cancellation
 q - 5 potions of cure mutation
 u - 7 potions of brilliance
 x - 3 potions of agility
 A - a potion of magic
 D - 4 potions of resistance
 Q - 7 potions of might
Comestibles
 o - 13 meat rations
 v - 10 fruits
 L - 18 bread rations


   Skills:
 - Level 15.1(14.9) Fighting
 - Level 9.7(9.5) Throwing
 - Level 17.9(17.7) Dodging
 - Level 14.2(14.0) Stealth
 + Level 21.2(21.0) Unarmed Combat
 - Level 4.1(4.0) Spellcasting
 - Level 4.8(4.6) Conjurations
 - Level 3.3(3.1) Charms
 - Level 6.3(6.1) Necromancy
 - Level 3.6(3.5) Translocations
 - Level 1.5(1.4) Air Magic
 - Level 2.0(1.9) Poison Magic
 - Level 13.2(13.0) Invocations


You had 17 spell levels left.
You knew the following spells:

 Your Spells              Type           Power        Failure   Level  Hunger
a - Blink                 Tloc           N/A          1%          2    None
b - Repel Missiles        Chrm/Air       ###...       3%          2    None
c - Regeneration          Chrm/Necr      #####.....   2%          3    ##.....
d - Mephitic Cloud        Conj/Pois/Air  ###.....     8%          3    ##.....
e - Song of Slaying       Chrm           ####....     2%          2    None


Dungeon Overview and Level Annotations

Branches:
Dungeon (15/15)            Temple (1/1) D:6            Lair (8/8) D:11
 Shoals (4/4) Lair:3       Spider (4/4) Lair:3          Orc (2/2) D:11
    Elf (0/3) Orc:2        Vaults (5/5) D:13          Crypt (0/3) Vaults:2
 Depths (0/5) D:15
  Slime: Lair:6-8

Altars:
Ashenzari
Cheibriados
Dithmenos
Elyvilon
Fedhas
Gozag
Kikubaaqudgha
Makhleb
Nemelex Xobeh
Okawaru
Pakellas
Qazlal
Ru
Sif Muna
Trog
Vehumet
Xom
Yredelemnul
Zin
The Shining One

Shops:
D:7 *   D:15 ?   Orc:2 ([}[   Shoals:3 :   Shoals:4 %   Vaults:1 !([[}
Vaults:3 =([=?   Vaults:4 [

Annotations:
Lair:7 exclusion: oklob plant


Innate Abilities, Weirdness & Mutations

You have claws for hands.
You are mostly covered in rough black scales (AC +7, Dex -2).
Your flesh is cold resistant.
You are powered by pain.
When hurt, damage is shared between your health and your magic reserves.
You regenerate magic rapidly.
When low on magic, you restore magic in place of health.
You are immune to freezing clouds.
You have a pair of small horns on your head.
You are somewhat resistant to further mutation.


Message History

You don't have enough magic at the moment.
Drink which item? (? for menu, Esc to quit)
You feel much better.
The ogre mage gestures wildly while chanting.
The ogre mage blinks!
The sphinx completely misses you. The sphinx completely misses you.
The sphinx barely misses you.
The vault warden hits you with a dire flail!!
* * * LOW HITPOINT WARNING * * *
The ettin barely misses you. The ettin hits you with a dire flail.
* * * LOW HITPOINT WARNING * * *
The tengu reaver misses you. x2
The tengu reaver closely misses you. The sphinx closely misses you.
The sphinx completely misses you. The sphinx hits you but does no damage.
The ironbrand convoker shouts!
Drink which item? (? for menu, Esc to quit)
You feel much better.
You are no longer corroded.
The vault warden hits you but does no damage.
The ettin hits you with an enchanted dire flail!!!
You die...

.# #....# #.
#p######....##?#.
#.....#....#.#.#
#.....#(..(.#.#.
#..(..#....#.#.#
..p(..(*..(.#
#######.(....(.#.#
.......([pQ<......
.....(.OH@C(<.(...
........[[<<ยง.....
.....(..(.[.......
######.(........#.
..............
.#...#.........
...#..#....#....
..#.#.#.........


You could see an ironheart preserver, a sphinx, a vault warden, a tengu reaver,
an ettin, an ogre mage, an ironbrand convoker and a battlesphere.

Vanquished Creatures
  Mara (Spider:4)
  Margery (Vaults:4)
  Norris (Vaults:1)
  A golden dragon (Vaults:5)
  Nikola (Vaults:3)
  Arachne (Spider:3)
  The ghost of DarthRa the Imperceptible, an adept DDAr of Pakellas (Vaults:4)
  4 tentacled monstrosities (Vaults:5)
  Jorgrun (Vaults:1)
  A lich (Vaults:3)
  A titan (shapeshifter) (Vaults:4)
  A sphinx (Vaults:1)
  3 titans (Vaults:4)
  2 krakens
  The ghost of twist the Trollish Aeon, an adept TrMo of Cheibriados (D:15)
  5 tengu reavers
  Kirke (Spider:3)
  Agnes (Spider:4)
  2 storm dragons (Vaults:4)
  5 shadow dragons (Vaults:4)
  Ilsuiw (Shoals:4)
  Roxanne (Shoals:4)
  12 vault wardens
  Donald (Spider:4)
  Maud (Lair:6)
  2 ghost moths (Spider:4)
  5 fire giants
  6 emperor scorpions (Spider:4)
  Louise (Shoals:4)
  2 orc warlords
  5 deep elf sorcerers
  2 deep elf elementalists
  A ghoul (Vaults:2)
  16 ironheart preservers
  5 very ugly things (Vaults:4)
  3 salamander stormcallers
  12 stone giants
  3 deep elf demonologists
  A spark wasp (Spider:2)
  A dire elephant (D:15)
  3 small abominations (Vaults:4)
  4 deep elf death magi
  Snorg (Orc:1)
  A minotaur (Lab)
  7 merfolk javelineers
  25 vault guards (Vaults:4)
  11 ogre magi
  7 merfolk impalers
  9 ettins
  An eidolon (Vaults:2)
  14 yaktaur captains
  3 fire dragons
  4 great orbs of eyes (Vaults:4)
  Fannar (D:11)
  A rakshasa (Vaults:1)
  6 hydras
  2 ice dragons
  5 catoblepae
  3 entropy weavers
  Erica (D:8)
  10 centaur warriors
  A deep troll shaman (Vaults:3)
  3 merfolk avatars
  3 alligator snapping turtles
  4 dancing weapons
  6 merfolk aquamancers
  20 death yaks
  A deep troll earth mage (Vaults:3)
  A titan zombie (Vaults:4)
  A tengu warrior (D:13)
  8 orc high priests
  Nergalle (Orc:1)
  A storm dragon zombie (Vaults:4)
  A fire crab (shapeshifter) (D:14)
  2 soul eaters (Vaults:2)
  5 hell knights (Vaults:4)
  7 skeletal warriors
  4 deep elf knights
  A lindwurm (shapeshifter) (Vaults:4)
  3 giant orange brains
  10 deep trolls
  3 shadow wraiths
  2 flayed ghosts
  2 fire crabs
  3 unseen horrors
  12 sea snakes
  4 necromancers
  3 wizards
  23 harpies
  A tengu zombie (Vaults:4)
  A lindwurm (Lair:8)
  3 deep elf archers
  10 hill giants
  A phantasmal warrior (Vaults:4)
  Pikel (D:8)
  24 wolf spiders
  4 orc sorcerers
  A harpy (shapeshifter) (Vaults:1)
  A cyclops (shapeshifter) (D:15)
  27 deep elf magi
  13 ironbrand convokers
  4 salamanders
  12 orb spiders
  6 fauns
  3 hornets
  41 ugly things
  7 water nymphs
  28 orc knights
  11 cyclopes
  An oklob plant (D:13)
  18 griffons
  3 moths of wrath
  10 manticores
  13 vault sentinels
  Joseph (Lair:1)
  2 octopodes (shapeshifter)
  21 elephants
  12 sirens
  4 torpor snails
  A guardian serpent (shapeshifter) (Vaults:2)
  5 kobold demonologists
  A yaktaur (shapeshifter) (Vaults:1)
  8 komodo dragons
  6 black mambas
  7 spiny frogs
  17 yaktaurs
  13 demonic crawlers
  15 merfolk
  4 wind drakes
  A polar bear (shapeshifter) (Vaults:5)
  10 freezing wraiths
  2 minotaur zombies (Lab)
  24 two-headed ogres
  A polar bear (Lair:5)
  Prince Ribbit (D:8)
  6 fire drakes
  23 jumping spiders
  13 trolls
  A hornet zombie (D:13)
  A blink frog (shapeshifter) (Vaults:3)
  15 blink frogs
  6 snapping turtles
  16 slime creatures
  7 boulder beetles
  24 tarantellas
  20 trapdoor spiders
  6 wyverns
  51 redbacks
  A shadow (D:12)
  55 yaks
  4 wraiths
  A hog (Spider:3)
  2 fire bats (Lair:3)
  8 water elementals
  6 basilisks
  10 hippogriffs
  9 wolves
  3 steam dragons
  A golden eye (shapeshifter) (Vaults:4)
  A human (D:8)
  Grum (D:11)
  4 hungry ghosts
  6 mottled dragons
  8 vampire mosquitoes
  14 swamp worms (Spider:2)
  15 water moccasins
  2 wargs
  An eye of draining (shapeshifter) (Vaults:4)
  8 sky beasts
  An ice beast (shapeshifter) (Vaults:5)
  An eye of draining (D:12)
  A porcupine (shapeshifter) (Vaults:2)
  11 porcupines
  A soldier ant (D:11)
  50 orc warriors
  2 necrophages
  4 ice beasts
  A black bear (shapeshifter) (Vaults:4)
  A black bear (D:13)
  54 ogres
  2 wasps
  34 crocodiles
  4 phantoms
  8 boggarts
  16 centaurs
  11 big kobolds
  25 giant frogs
  4 scorpions
  A water moccasin zombie (D:8)
  A wyvern skeleton (D:12)
  An oklob sapling (D:13)
  4 electric eels
  24 killer bees
  3 wights
  4 centaur zombies
  3 crimson imps
  38 orc priests
  22 orc wizards
  4 giant frog zombies
  2 centaur skeletons
  3 hounds
  3 jellies
  A wasp zombie (D:9)
  3 giant frog skeletons
  A gnoll shaman (Orc:2)
  6 worker ants
  10 iguanas
  A polar bear simulacrum (Lair:2)
  A yak simulacrum (Lair:2)
  19 sheep
  4 wolf simulacra (Lair:2)
  A hound skeleton (D:11)
  2 hound zombies
  A worker ant zombie (D:6)
  18 adders
  8 gnolls
  80 river rats
  2 shadow imps
  2 adder skeletons (D:6)
  7 worms
  18 giant geckos
  105 orcs
  7 bats
  10 giant cockroaches
  12 hobgoblins
  8 jackals
  A quokka (D:7)
  6 ball pythons (D:13)
  A giant gecko skeleton (D:4)
  17 giant newts
  7 goblins
  A jackal zombie (D:5)
  41 kobolds
  A quokka skeleton (D:4)
  4 rats
  5 river rat simulacra (Lair:2)
  A crawling corpse (Vaults:5)
  A fungus (Lair:7)
  5 plants
  3 tentacles (Shoals:3)
1884 creatures vanquished.

Vanquished Creatures (collateral kills)
  An orc warrior (Vaults:3)
  An orc priest (Vaults:3)
2 creatures vanquished.

Vanquished Creatures (others)
  A storm dragon (Vaults:5)
  A vault guard (Vaults:5)
  A centaur warrior (Vaults:4)
  An orb spider (Spider:4)
  A komodo dragon (Lair:7)
  A yaktaur (Vaults:4)
  2 humans (Spider:3)
  An orc warrior (Orc:2)
  2 slaves (D:8)
  2 ogres
  An orc wizard (Orc:2)
  An orc priest (Vaults:5)
  2 orcs (Vaults:5)
  7 fungi
  39 plants
  11 tentacles
  746 tentacle segments
820 creatures vanquished.

Grand Total: 2706 creatures vanquished

Notes
Turn   | Place    | Note
--------------------------------------------------------------
     0 | D:1      | moomoo the Demonspawn Monk began the quest for the Orb.
     0 | D:1      | Reached XP level 1. HP: 18/18 MP: 1/1
   322 | D:1      | Reached skill level 4 in Unarmed Combat
   507 | D:1      | Gained mutation: When hurt, damage is shared between your health and your magic reserves. [demonic ancestry]
   507 | D:1      | Reached XP level 2. HP: 24/24 MP: 2/2
  1209 | D:1      | Reached XP level 3. HP: 29/29 MP: 3/3
  1792 | D:2      | Reached skill level 5 in Unarmed Combat
  1869 | D:2      | Gained mutation: You have sharp fingernails. [demonic ancestry]
  1869 | D:2      | Reached XP level 4. HP: 35/35 MP: 4/4
  2977 | D:4      | Reached skill level 6 in Unarmed Combat
  2977 | D:4      | Gained mutation: You sometimes gain a little power by taking damage. [demonic ancestry]
  2977 | D:4      | Reached XP level 5. HP: 29/41 MP: 3/5
  3113 | D:4      | Found a sparkling altar of Nemelex Xobeh.
  3985 | D:4      | Gained mutation: You have very sharp fingernails. [demonic ancestry]
  3985 | D:4      | Reached XP level 6. HP: 35/47 MP: 6/6
  4324 | D:5      | Entered Level 5 of the Dungeon
  4408 | D:5      | Reached skill level 7 in Unarmed Combat
  5083 | D:5      | Reached XP level 7. HP: 40/52 MP: 4/7
  5421 | D:5      | Reached skill level 8 in Unarmed Combat
  5697 | D:6      | Found a staircase to the Ecumenical Temple.
  5704 | Temple   | Entered the Ecumenical Temple
  5751 | Temple   | Became a worshipper of Cheibriados the Contemplative
  5751 | Temple   | Reached * piety under Cheibriados
  5751 | Temple   | Reached ** piety under Cheibriados
  5789 | D:6      | Learned a level 2 spell: Blink
  5834 | D:6      | Found a glowing drain.
  5857 | Sewer    | Entered a sewer
  5927 | Sewer    | Reached skill level 1 in Spellcasting
  5927 | Sewer    | Reached skill level 1 in Translocations
  6464 | D:6      | Reached *** piety under Cheibriados
  6477 | D:6      | Gained mutation: You are partially covered in rough black scales (AC +4, Dex -1). [demonic ancestry]
  6477 | D:6      | Reached XP level 8. HP: 49/58 MP: 8/11
  6695 | D:7      | Reached skill level 1 in Invocations
  6745 | D:7      | Found Amiudwam's Assorted Antiques.
  6795 | D:7      | Reached skill level 9 in Unarmed Combat
  6824 | D:7      | Learned a level 2 spell: Repel Missiles
  7182 | D:7      | Gained mutation: You are mostly covered in rough black scales (AC +7, Dex -2). [demonic ancestry]
  7182 | D:7      | Reached XP level 9. HP: 46/66 MP: 5/12
  7402 | D:8      | Reached skill level 1 in Charms
  7402 | D:8      | Reached skill level 1 in Air Magic
  7405 | D:8      | Noticed Prince Ribbit
  7423 | D:8      | Reached **** piety under Cheibriados
  7457 | D:8      | Killed Prince Ribbit
  7604 | D:8      | Noticed Pikel
  7620 | D:8      | Killed Pikel
  7620 | D:8      | Reached skill level 5 in Fighting
  7737 | D:8      | Noticed Erica
  7753 | D:8      | HP: 2/68 [Erica/scimitar of flaming (2)]
  7754 | D:8      | Killed Erica
  7754 | D:8      | Reached skill level 5 in Dodging
  7754 | D:8      | Reached skill level 10 in Unarmed Combat
  7754 | D:8      | Reached XP level 10. HP: 2/74 MP: 1/13
  8087 | D:8      | Reached skill level 5 in Invocations
  8478 | D:9      | Noticed a centaur warrior
  8485 | D:9      | Killed a centaur warrior
  8608 | D:9      | Found a sacrificial altar of Ru.
  8687 | D:9      | Reached ***** piety under Cheibriados
  9200 | D:10     | Entered Level 10 of the Dungeon
  9267 | D:10     | Reached skill level 5 in Stealth
  9336 | D:10     | Gained mutation: You sometimes gain power by taking damage. [demonic ancestry]
  9336 | D:10     | Reached XP level 11. HP: 69/81 MP: 14/16
  9340 | D:10     | Noticed Psyche
  9347 | D:10     | Noticed Psyche
  9347 | D:10     | Psyche changed into Psyche the steam dragon
  9353 | D:10     | Killed Psyche the steam dragon
  9554 | D:10     | Reached skill level 11 in Unarmed Combat
  9849 | D:11     | Noticed a hill giant
  9873 | D:11     | Killed a hill giant
  9888 | D:11     | Found a staircase to the Orcish Mines.
  9912 | D:11     | Noticed Fannar
  9936 | D:11     | Killed Fannar
 10009 | D:11     | Noticed a hill giant
 10017 | D:11     | Killed a hill giant
 10037 | D:11     | Noticed Grum
 10067 | D:11     | Killed Grum
 10153 | D:11     | Reached ****** piety under Cheibriados
 10384 | D:11     | Found a staircase to the Lair.
 11118 | D:12     | Reached XP level 12. HP: 71/87 MP: 19/19
 11166 | D:12     | Reached skill level 10 in Invocations
 11479 | D:12     | Reached skill level 12 in Unarmed Combat
 11513 | D:12     | Found a shattered altar of Ashenzari.
 13070 | D:13     | Gained mutation: You have a pair of small horns on your head. [potion of beneficial mutation]
 13290 | D:13     | Reached skill level 1 in Throwing
 13603 | D:13     | Found a gate to the Vaults.
 13695 | D:13     | Gained mutation: You regenerate magic rapidly. [demonic ancestry]
 13695 | D:13     | Reached XP level 13. HP: 19/93 MP: 21/21
 14227 | Lair:1   | Entered Level 1 of the Lair of Beasts
 14411 | Lair:1   | Noticed Joseph
 14419 | Lair:1   | Killed Joseph
 15624 | Lair:2   | Gained mutation: You are somewhat resistant to further mutation. [potion of beneficial mutation]
 16392 | Lair:3   | Reached skill level 13 in Unarmed Combat
 16693 | Lair:3   | Found a hole to the Spider Nest.
 16813 | Lair:3   | Found a staircase to the Shoals.
 17257 | Lair:4   | Found an opulent altar of Gozag.
 17382 | Lair:4   | Reached skill level 10 in Stealth
 17742 | Lair:5   | Reached skill level 10 in Dodging
 18759 | Lair:6   | Gained mutation: Your flesh is cold resistant. [demonic ancestry]
 18759 | Lair:6   | Reached XP level 14. HP: 101/101 MP: 23/23
 18910 | Lair:6   | Noticed Maud
 18930 | Lair:6   | Killed Maud
 19371 | Lair:7   | Got a faintly glowing lapis lazuli ring
 20340 | Lair:8   | Entered Level 8 of the Lair of Beasts
 20364 | Lair:8   | Identified a scroll of acquirement
 20520 | Lair:8   | Found a labyrinth entrance.
 20529 | Lab      | Entered a labyrinth
 20534 | Lab      | Identified the ring "Qearinu" {rF+ Str+3} (You found it on level 7 of the Lair of Beasts)
 21321 | Lair:8   | Reached skill level 14 in Unarmed Combat
 21371 | Lair:8   | Gained mutation: You are powered by pain. [demonic ancestry]
 21371 | Lair:8   | Reached XP level 15. HP: 34/112 MP: 9/24
 21701 | Lair:8   | Got a slimy silver amulet
 21705 | Lair:8   | Identified the amulet of Divine Compulsion {Inacc Fragile rElec Str+2} (You found it on level 8 of the Lair of Beasts)
 22141 | Orc:1    | Entered Level 1 of the Orcish Mines
 22179 | Orc:1    | Noticed Snorg
 22195 | Orc:1    | Killed Snorg
 22280 | Orc:2    | Entered Level 2 of the Orcish Mines
 22286 | Orc:2    | Found a staircase to the Elven Halls.
 22540 | Orc:2    | Reached skill level 10 in Fighting
 22893 | Orc:1    | Noticed Nergalle
 22906 | Orc:1    | Killed Nergalle
 24045 | Orc:2    | Reached skill level 15 in Unarmed Combat
 24261 | Orc:2    | Found Xigeori's Antique Weapon Shop.
 24261 | Orc:2    | Found Bounous's Antique Armour Shop.
 24262 | Orc:2    | Found Plog's Gadget Boutique.
 24262 | Orc:2    | Found Kerch's Armour Shop.
 24274 | Orc:2    | Bought the +4 skin of Zhor {rC+++} for 934 gold pieces
 24274 | Orc:2    | Bought the +1 cloak "Ytyc" {rF+ Int-4 SInv Stlth+} for 331 gold pieces
 24625 | D:14     | Gained mutation: You have claws for hands. [demonic ancestry]
 24625 | D:14     | Reached XP level 16. HP: 103/124 MP: 20/25
 25010 | D:14     | HP: 3/124 [enormous slime creature (52)]
 25419 | D:15     | Entered Level 15 of the Dungeon
 25511 | D:15     | Found Piadywu's Magic Scroll Emporium.
 25518 | D:15     | Bought a scroll of enchant armour for 82 gold pieces
 25692 | D:15     | Noticed twist's ghost (adept TrMo)
 25705 | D:15     | Killed twist's ghost
 25800 | D:15     | Found a staircase to the Depths.
 26106 | D:15     | Reached skill level 16 in Unarmed Combat
 26128 | D:15     | Learned a level 3 spell: Regeneration
 26368 | D:13     | Reached skill level 1 in Necromancy
 26439 | Lair:1   | Learned a level 3 spell: Mephitic Cloud
 26501 | Spider:1 | Entered Level 1 of the Spider Nest
 26692 | Spider:1 | Reached skill level 1 in Conjurations
 27931 | Spider:2 | Reached XP level 17. HP: 126/130 MP: 26/26
 27963 | Spider:2 | Reached skill level 1 in Poison Magic
 28163 | Spider:3 | Noticed Arachne
 28192 | Spider:3 | Killed Arachne
 28374 | Spider:3 | Noticed Kirke
 28635 | Spider:3 | Killed Kirke
 28855 | Spider:4 | Entered Level 4 of the Spider Nest
 28920 | Spider:4 | Noticed Mara
 28922 | Spider:4 | Noticed moomoo's illusion
 29186 | Spider:4 | Noticed Donald
 29201 | Spider:4 | Killed Donald
 29416 | Spider:4 | Noticed Agnes
 29425 | Spider:4 | Killed Agnes
 29525 | Spider:4 | Reached skill level 17 in Unarmed Combat
 29542 | Spider:4 | Noticed moomoo's illusion
 29693 | Spider:4 | Killed Mara
 29694 | Spider:4 | Noticed moomoo's illusion
 29991 | Spider:4 | Got a gossamer rune of Zot
 30063 | Spider:4 | Reached skill level 15 in Dodging
 30063 | Spider:4 | Reached skill level 5 in Necromancy
 30242 | Shoals:1 | Entered Level 1 of the Shoals
 30709 | Shoals:1 | Reached XP level 18. HP: 136/136 MP: 27/27
 31614 | Shoals:3 | Found Ofutaso's Book Boutique.
 32318 | Shoals:4 | Entered Level 4 of the Shoals
 32399 | Shoals:4 | Noticed Ilsuiw
 32421 | Shoals:4 | Killed Ilsuiw
 32534 | Shoals:4 | Found Hoach's Food Shoppe.
 32612 | Shoals:4 | Identified Ruemafef's Reference Book on Self-Knowledge
 32620 | Shoals:4 | Learned a level 2 spell: Song of Slaying
 32636 | Shoals:4 | Noticed Roxanne
 32656 | Shoals:4 | Killed Roxanne
 32656 | Shoals:4 | Reached skill level 18 in Unarmed Combat
 32727 | Shoals:4 | Noticed Louise
 32735 | Shoals:4 | Killed Louise
 32868 | Shoals:4 | Got a barnacled rune of Zot
 33543 | Vaults:1 | Entered Level 1 of the Vaults
 33732 | Vaults:1 | Reached XP level 19. HP: 101/146 MP: 19/28
 33773 | Vaults:1 | Found Heukomye's Armour Emporium.
 33773 | Vaults:1 | Noticed Norris
 33782 | Vaults:1 | Killed Norris
 33782 | Vaults:1 | Reached skill level 5 in Throwing
 33831 | Vaults:1 | Noticed Jorgrun
 33849 | Vaults:1 | Killed Jorgrun
 33954 | Vaults:1 | Found Penopuy's Armour Emporium.
 33973 | Vaults:1 | Bought a +2 robe of resistance for 754 gold pieces
 34280 | Vaults:1 | Found Eczaoho Sida's Gadget Boutique.
 34397 | Vaults:1 | Found Lagikkusm's Antique Weapon Shoppe.
 34420 | Vaults:1 | Found Maimpuarch's Distillery.
 34426 | Vaults:1 | Bought a potion of curing for 57 gold pieces
 34930 | Vaults:2 | Found a staircase to the Crypt.
 35042 | Vaults:2 | Reached skill level 19 in Unarmed Combat
 35899 | Vaults:3 | Reached XP level 20. HP: 119/153 MP: 21/29
 35969 | Vaults:3 | Noticed Nikola
 35980 | Vaults:3 | Killed Nikola
 36046 | Vaults:3 | Found Weif's Armour Shoppe.
 36364 | Vaults:3 | Found Hoduodd's Weapon Emporium.
 36369 | Vaults:3 | Found Egutain's Jewellery Emporium.
 36402 | Vaults:3 | Bought the ring "Luerchy" {rPois rN+} for 624 gold pieces
 36949 | Vaults:3 | Found Metexod's Jewellery Emporium.
 36962 | Vaults:3 | Found Nicsarru's Magic Scroll Shoppe.
 36980 | Vaults:3 | Bought a scroll of blinking for 142 gold pieces
 37211 | Vaults:4 | Found Kuwaogal's Armour Shoppe.
 37591 | Vaults:4 | Noticed DarthRa's ghost (adept DDAr)
 37687 | Vaults:4 | Killed DarthRa's ghost
 37799 | Vaults:4 | Noticed a golden dragon
 37800 | Vaults:4 | Noticed a caustic shrike
 37800 | Vaults:4 | a golden dragon changed into a caustic shrike
 37985 | Vaults:4 | Noticed Margery
 37996 | Vaults:4 | Reached skill level 20 in Unarmed Combat
 38010 | Vaults:4 | Killed Margery
 38010 | Vaults:4 | Gained mutation: You are immune to freezing clouds. [demonic ancestry]
 38010 | Vaults:4 | Reached XP level 21. HP: 133/162 MP: 22/30
 38323 | Vaults:5 | Entered Level 5 of the Vaults
 39662 | Vaults:4 | Gained mutation: When low on magic, you restore magic in place of health. [demonic ancestry]
 39662 | Vaults:4 | Reached XP level 22. HP: 80/173 MP: 12/31
 39925 | Vaults:5 | Reached skill level 15 in Fighting
 40088 | Vaults:4 | Reached skill level 21 in Unarmed Combat
 40268 | Vaults:5 | HP: 8/175 [sphinx (4)]
 40270 | Vaults:5 | Slain by an ettin

Vault maps used:
D:1:      saegor_arrival_simple_d
D:3:      first_bread
D:4:      nemelex_deck
D:5:      minivault_23
D:6:      minmay_temple_entry_trees, gup_sewer_entry_bowl, serial_park_tiny_1
D:7:      serial_shops, nicolae_shop_waterfront
D:8:      minmay_weird_star, grunt_livestock, uniq_pikel, uniq_erica,
          uniq_prince_ribbit1
D:9:      nicolae_ru_great_annihilating_truth
D:10:     kennysheep_diamond, uniq_psyche
D:11:     lair_0_dummy, orc_0_dummy, grunt_ministairs_13, uniq_fannar, uniq_grum
D:12:     basic_altar, minivault_26
D:13:     erik_vaults_1, introduction_to_nature_2
D:14:     nrook_pool_corridor
D:15:     hangedman_depths_entry_try_elsewhere_first, serial_shops, shop
Temple:   kilobyte_greek_temple_18
Lair:1:   lemuel_reptile_caves, uniq_joseph
Lair:2:   eino_house_with_fridge
Lair:3:   elwin_shoals_entry_rocks, dummy_spider_entry, serial_bayou_shore_a,
          grunt_megastairs_2
Lair:4:   basic_altar, serial_bayou_pond_d
Lair:6:   infiniplex_staircase_pool_2, uniq_maud
Lair:7:   minmay_slime_entry_oklob_enclosed, infiniplex_staircase_pool,
          serial_bayou_shore_b, serial_bayou_shore_b
Lair:8:   evilmike_catoblepas_cave, serial_forest, infiniplex_forest_lined_3,
          infiniplex_forest_zigzag_1, infiniplex_forest_straight_3,
          infiniplex_forest_lined_room_3, infiniplex_forest_clump_small,
          infiniplex_forest_clump_double, infiniplex_forest_clump_small,
          infiniplex_forest_corner_1, infiniplex_forest_lined_corner,
          lab_entry_generic
Shoals:2: nicolae_shoals_dead_sea_scrolls
Shoals:3: cheibrodos_shoals_roost, serial_shops, shop_statue
Shoals:4: shoals_end_simple, shoals_ilsuiw_alternative, serial_shops, shop,
          uniq_roxanne, uniq_louise
Spider:2: worms_lemuel, nicolae_spider_cling_ruins
Spider:3: uniq_arachne, uniq_kirke
Spider:4: grunt_spider_rune_circles, spiders_nest_the_unseen, uniq_donald,
          uniq_agnes, uniq_mara
Orc:1:    guppyfry_library_mini, uniq_nergalle, uniq_snorg
Orc:2:    st_orc_pillars, elves_outpost_lemuel
Vaults:1: v_misc_14, nicolae_vaults_fighting_squares,
          nicolae_vaults_ring_of_whatevers, v_rooms_5, nicolae_vaults_alarming,
          vaults_room_fours, hangedman_vaults_corner_blocks,
          nicolae_vaults_ring_of_whatevers, nicolae_vaults_angled_halls,
          hangedman_vaults_cutoff, hangedman_vaults_restitches, v_misc_28,
          vaults_room_pool, vaults_dpeg_encased_lava, serial_shops, shop,
          nicolae_shop_crystal, shop, nicolae_shop_stone, shop, uniq_jorgrun,
          uniq_norris
Vaults:2: minmay_crypt_entry_simple_sparse, v_misc_32, vaults_room_door_hall,
          hangedman_vaults_river_flow, nicolae_vaults_puzzle_piece,
          v_alt_pattern_2, st_eye, nicolae_vaults_hallways_thing,
          vaults_dpeg_hooks, vaults_room_ringed_pool,
          nicolae_vaults_three_branches
Vaults:3: hangedman_vaults_nails, vaults_mumra_minichess, vaults_dpeg_cross,
          v_misc_22, vaults_room_corners, v_alt_pattern_5, special_room_vaults,
          vaults_room_stairs_pillars, v_alt_pattern_2, vaults_room_door_ring,
          v_misc_26, serial_shops, shop, shop, shop, shop, nicolae_shop_trees,
          uniq_nikola
Vaults:4: ontoclasm_vaults_ring_small, vaults_room_door_ring,
          hangedman_vaults_unwind, vaults_room_grunt_arrival_ludios,
          st_more_cells, hangedman_vaults_stream, v_pattern_3,
          hangedman_vaults_stitches, v_misc_22, hangedman_vaults_stagger,
          ontoclasm_vaults_decontamination, nicolae_vaults_shelves_hall,
          vaults_dpeg_diagonal, serial_shops, shop, uniq_margery
Vaults:5: serial_shops
Lab:      labyrinth_hidden_loot, nicolae_lab_lava
Sewer:    sewer_the_crocodile

Action                   |  1- 3 |  4- 6 |  7- 9 | 10-12 | 13-15 | 16-18 | 19-21 | 22-24 || total
-------------------------+-------+-------+-------+-------+-------+-------+-------+-------++-------
Melee: Unarmed           |   136 |   206 |   232 |   741 |  1647 |  1526 |  1403 |   171 ||  6062
       Scimitar          |       |       |       |       |    13 |    14 |       |       ||    27
Throw: Javelin           |       |       |       |       |       |     6 |    12 |       ||    18
 Cast: Repel Missiles    |       |       |     1 |     2 |     3 |     6 |     9 |     4 ||    25
       Blink             |       |       |       |       |     1 |     5 |    11 |       ||    17
       Regeneration      |       |       |       |       |       |    78 |    99 |    19 ||   196
       Mephitic Cloud    |       |       |       |       |       |    21 |     3 |     1 ||    25
       Song of Slaying   |       |       |       |       |       |     2 |    37 |     6 ||    45
Invok: Slouch            |       |       |     1 |     1 |       |       |       |       ||     2
       Step From Time    |       |       |       |       |     2 |     2 |     3 |     3 ||    10
 Abil: Stop Flying       |       |       |       |       |       |       |     1 |       ||     1
Evoke: Wand              |       |       |       |     8 |     4 |    13 |       |       ||    25
  Use: Scroll            |       |     8 |     2 |    21 |     9 |     6 |     1 |       ||    47
       Potion            |       |       |       |     2 |     3 |     2 |     4 |     2 ||    13
 Stab: Sleeping          |     4 |     2 |     7 |    27 |    73 |    29 |    27 |       ||   169
       Distracted        |     1 |       |     1 |     2 |     9 |     7 |     4 |       ||    24
       Petrified         |       |       |       |       |     2 |       |       |       ||     2
       Confused          |       |       |       |       |       |    14 |     2 |       ||    16
  Eat: Chunk             |     3 |     8 |     6 |     8 |     6 |    14 |     5 |       ||    50
       Royal jelly       |       |     1 |       |       |       |     1 |       |       ||     2
       Meat ration       |       |       |       |     3 |       |     1 |       |     1 ||     5
       Beef jerky        |       |       |       |       |     5 |       |     2 |       ||     7
       Pizza             |       |       |       |       |     2 |     4 |     5 |       ||    11
       Bread ration      |       |       |       |       |       |       |     1 |       ||     1
